 Dungeon Crawl Stone Soup version bcrawl-1.19.2-6-g6a88ae04c9 (webtiles) character file.

Game seed: 13054321104223939801

327 MisterOstroum the Sneak (level 6, -1/37 HPs)
             Began as a Vine Stalker Rogue on Dec 23, 2019.
             Slain by a bullfrog (12 damage)
             ... on level 5 of the Dungeon.
             The game lasted 00:07:31 (3298 turns).

MisterOstroum the Sneak (Vine Stalker Rogue)        Turns: 3298, Time: 00:07:31

Health: -1/37      AC:  4    Str: 17    XL:     6   Next: 50%
Magic:  8/8        EV: 13    Int: 11    God:
Gold:   427        SH:  0    Dex: 16    Spells: 0/5 levels left

rFire    + . .     SeeInvis .   b - +0 blowgun
rCold    + . .     Gourm    .   (no shield)
rNeg     + . .     Faith    .   B - +1 robe {rC+ rF+}
rPois    .         Spirit   .   (no helmet)
rElec    .         Reflect  .   d - +0 cloak
rCorr    .         Harm     .   (no gloves)
MR       .....                  (no boots)
Stlth    +++.......             (no amulet)
HPRegen  0.52/turn              i - +2 ring of strength
MPRegen  0.11/turn              C - ring of positive energy

@: studying Fighting
A: fangs 3, regeneration 1, no potion heal 3, rot immunity, strong jaws
a: no special abilities


You were on level 5 of the Dungeon.
You were hungry.

You visited 1 branch of the dungeon, and saw 5 of its levels.

You collected 427 gold pieces.

Inventory:

Hand Weapons
 a - a +2 dagger of electrocution
 b - a +0 blowgun (weapon)
 A - a +0 rapier
 F - the +3 dagger of the Bruised Cities {flame, rN+ MP+9, unknown}
   (You found it on level 4 of the Dungeon)

   It has been specially enchanted to burn those struck by it, causing extra
   injury to most foes and up to half again as much damage against particularly
   susceptible opponents.
   It protects you from negative energy.
   It affects your magic capacity (+9).
Missiles
 h - 120 poisoned needles (quivered)
 l - 1030 stones
 r - 66 tomahawks
 u - 2 throwing nets {!f!f}
 v - 898 sling bullets
 z - 18 needles of frenzy
Armour
 c - a +0 robe
 d - a +0 cloak (worn)
 B - a +1 robe of resistance (worn)
Jewellery
 i - a +2 ring of strength (left hand)
 q - a +5 ring of intelligence
 C - a ring of positive energy (right hand)
Wands
 f - a wand of flame (15)
 g - a wand of enslavement (14)
 t - a wand of polymorph (9)
Scrolls
 m - 5 scrolls of identify {@r1}
 o - 3 scrolls of amnesia {unknown}
 s - a scroll of fear {unknown}
 x - 2 scrolls of teleportation {unknown}
 y - a scroll of enchant armour {unknown}
 D - a scroll of magic mapping {unknown}
Potions
 j - a potion of haste {unknown}
 k - a potion of cancellation {unknown}
 n - a potion of mutation {unknown}
 p - 2 potions of curing
 w - a potion of degeneration {unknown}
 E - a potion of heal wounds {unknown}
Books
 G - a manual of Fighting
Comestibles
 e - 11 rations {!d}


   Skills:
 + Level 3.0 Fighting
 * Level 4.2 Short Blades
 + Level 2.7 Dodging
 + Level 6.4 Stealth
 + Level 2.2 Evocations


You couldn't memorise any spells.
You knew the following spells:

 Your Spells              Type           Power        Failure   Level  Hunger
a - Flame Tongue          Conj/Fire      #....        34%         1    ##.....
b - Sticky Flame          Conj/Fire      #.......     98%         4    #####..

Your spell library contained the following spells:

 Spells                   Type           Power        Failure   Level  Hunger
 Flaming Arrows           Chrm/Fire      #.......     47%         2    ###....
 Conjure Flame            Conj/Fire      #.......     71%         3    ####...
 Inner Flame              Hex/Fire       N/A          71%         3    ####...
 Fireball                 Conj/Fire      #.........   100%        5    ######.


Dungeon Overview and Level Annotations

Branches:
Dungeon (5/12)
 Temple: D:4-7

Altars:
Ashenzari
Okawaru
Ru

Annotations:
D:3 1 runed door, exclusion: door
D:5 exclusion: cyclops


Innate Abilities, Weirdness & Mutations

You have razor-sharp teeth.
Your natural rate of healing is unusually fast.
Potions cannot restore your health.
You are immune to rotting.
Your bites deal extra damage.


Message History

There is a stone staircase leading down here.
You climb downwards.
Found 139 stones and 87 poisoned needles.
Found two stone staircases leading down.
There is a stone staircase leading up here.
Found a stone staircase leading up.
h - 123 poisoned needles (gained 87)
You now have 418 gold pieces (gained 19).
l - 1030 stones (gained 139)
m - 5 scrolls of identify {@r1} (gained 1)
You now have 427 gold pieces (gained 9).
A killer bee comes into view.
Found a manual of Fighting.
A killer bee is nearby!
A killer bee is nearby!
A killer bee is nearby!
The killer bee stings you.
You are poisoned.
The killer bee poisons you! The killer bee misses you.
You closely miss the killer bee.
You feel sick. The killer bee barely misses you.
You closely miss the killer bee. You bite the killer bee!
The killer bee is heavily wounded.
The killer bee stings you.
You are more poisoned.
The killer bee poisons you! The killer bee barely misses you.
You hit the killer bee but do no damage.
Lightning courses through the killer bee!
You kill the killer bee!
You feel sick.
No target in view!
You feel sick.
You feel sick.
You feel sick.
You start resting.
You feel sick. x10
You are no longer poisoned.
Press: ? - help, . - travel, g - get item You can't see that place. [Stash: a manual of Fighting] [the floor.]
You start resting.
You are feeling hungry.
You start resting.
HP restored.
A cyclops comes into view.
You see here a manual of Fighting.
G - a manual of Fighting
Press: ? - help, . - travel You can't see that place. [the floor.] Placed new exclusion.
Found a ring mail.
Found a cloak.
Found a stone staircase leading up.
Found an escape hatch in the floor.
v - 898 sling bullets (gained 124)
x - 2 scrolls labeled MOFEPN NIOGAB (gained 1)
u - 2 throwing nets {!f!f} (gained 1)
A bullfrog and a worker ant come into view.
The bullfrog croaks.
Found a ration.
You see here 12 gold pieces.
There are monsters nearby!
Your +2 dagger of electrocution stops crackling.
b - a +0 blowgun (weapon)
Firing (i - inventory. (/) - cycle)
h - 123 poisoned needles (quivered)
Press: ? - help, Shift-Dir - straight line, f - bullfrog
Aim: a bullfrog You shoot a poisoned needle.
The poisoned needle completely misses the bullfrog.
You see here a scroll labeled MOGYNY OTUYHI.
Firing (i - inventory. (/) - cycle)
h - 122 poisoned needles (quivered)
Press: ? - help, Shift-Dir - straight line, f/p - bullfrog
Aim: a bullfrog You shoot a poisoned needle.
The poisoned needle closely misses the bullfrog.
The poisoned needle barely misses the worker ant.
The bullfrog hits you! The bullfrog hits you.
Firing (i - inventory. (/) - cycle)
h - 121 poisoned needles (quivered)
Press: ? - help, Shift-Dir - straight line, f/p - bullfrog
Aim: a bullfrog You shoot a poisoned needle.
The poisoned needle barely misses the worker ant.
The bullfrog hits you.
The worker ant bites you but does no damage.
The bullfrog swells and bulges.
The bullfrog hits you! The worker ant barely misses you.
The bullfrog barely misses you. The bullfrog hits you.
* * * LOW HITPOINT WARNING * * *
The bullfrog hits you.
* * * LOW HITPOINT WARNING * * *
There is a stone staircase leading up here.
Okay, then.
Evoke which item? (* to show all) (? for menu, Esc to quit)
Aiming: Enslavement
Press: ? - help, Shift-Dir - straight line, f/p - worker ant
Aim: a worker ant (chance to defeat MR: 61%)
The worker ant is charmed.
The bullfrog hits you!
You die...

.. ..#.... ... ... ...#......
#.###... . ..........##.#...# .#.
..##..........####### ...
................... #.#.
#.####..........# ....
#............>..####....
###..#.................. ##
####...##.@a..........#....
.######....####..F.......#..$....
...#....##### #...[....?.........
#.......##.................#.....
#..........................###.#.
#......>.####....###......... ...
.......................####......
......................... .#....
...#..............#####.# ...#..


You could see a bullfrog and a friendly worker ant.

Vanquished Creatures
  A killer bee (D:5)
  2 crimson imps (D:4)
  A hound (D:2)
  An orc wizard (D:2)
  3 adders
  An adder skeleton (D:4)
  4 worms
  4 dart slugs
  4 leopard geckos
  10 orcs
  4 giant cockroaches
  15 hobgoblins
  11 jackals
  7 kobolds
  3 quokkas
  A ball python (D:2)
  6 bats
  2 frilled lizards
  6 goblins
  A leopard gecko skeleton (D:3)
  6 rats
93 creatures vanquished.

Notes
Turn   | Place    | Note
-------+----------+-------------------------------------------
     0 | D:1      | MisterOstroum the Vine Stalker Rogue began the quest for
                  | the Orb.
     0 | D:1      | Reached XP level 1. HP: 12/12 MP: 3/3
   126 | D:1      | Reached XP level 2. HP: 18/18 MP: 4/4
   430 | D:1      | Reached XP level 3. HP: 22/23 MP: 5/5
   795 | D:2      | Reached skill level 6 in Stealth
   863 | D:2      | Reached skill level 1 in Dodging
   866 | D:2      | Found a sacrificial altar of Ru.
   871 | D:2      | Reached XP level 4. HP: 28/28 MP: 6/6
  1591 | D:2      | Reached XP level 5. HP: 27/32 MP: 7/7
  2564 | D:3      | Found a runed door.
  2767 | D:4      | Found an iron altar of Okawaru.
  2776 | D:4      | Gained mutation: You have razor-sharp teeth. [Vine Stalker
                  | growth]
  2776 | D:4      | Reached XP level 6. HP: 32/37 MP: 8/8
  2851 | D:4      | Found a shattered altar of Ashenzari.
  2917 | D:4      | Got a bone dagger
  3053 | D:4      | Learned a level 1 spell: Flame Tongue
  3058 | D:4      | Learned a level 4 spell: Sticky Flame
  3133 | D:5      | Entered Level 5 of the Dungeon
  3235 | D:5      | Noticed a cyclops
  3298 | D:5      | Slain by a bullfrog

Skill      XL: |  1  2  3  4  5 |
---------------+----------------+-----
Fighting       | 2 3 |  3.0
Short Blades   | 2 3 4 |  4.2
Stealth        | 6 |  6.4
Dodging        | 1 2 |  2.7
Evocations     | 2 |  2.2

Action                   |  1- 3 |  4- 6 || total
-------------------------+-------+-------++-------
Melee: Dagger            |    94 |   198 ||   292
       Bite              |     7 |    26 ||    33
 Fire: Blowgun           |       |    47 ||    47
Throw: Stone             |       |    20 ||    20
Evoke: Wand              |       |     1 ||     1
  Use: Scroll            |       |     1 ||     1
 Stab: Sleeping          |    15 |     7 ||    22
       Distracted        |     1 |     1 ||     2
  Eat: Chunk             |       |     7 ||     7
Armor: Robe              |    26 |    35 ||    61
Dodge: Dodged            |    48 |   104 ||   152
